 Dungeon Crawl Stone Soup version 0.28.0-45-g0d030f2227 (webtiles) character file.

Game seed: 3516238596121893953

96 Bliebski the Ducker (level 4, -1/35 HPs)
             Began as a Demonspawn Gladiator on Apr 16, 2022.
             Slain by an orc
             ... wielding a +0 flail
              (8 damage)
             ... on level 3 of the Dungeon.
             The game lasted 00:06:48 (2818 turns).

Bliebski the Ducker (Demonspawn Gladiator)          Turns: 2818, Time: 00:06:48

Health: -1/35      AC:  4    Str: 16    XL:     4   Next: 41%
Magic:  4/4        EV: 13    Int: 10    God:
Gold:   101        SH:  0    Dex: 14    Spells: 3/3 levels left

rFire   . . .      SeeInvis .   a - +0 rapier
rCold   . . .      Faith    .   (no shield)
rNeg    . . .      Spirit   .   b - +0 leather armour
rPois   .          Reflect  .   c - +0 helmet
rElec   .          Harm     .   (no cloak)
rCorr   .          Rampage  .   (no gloves)
Will    .....                   (no boots)
Stlth   +.........              (no amulet)
HPRegen 0.11/turn               (no ring)
MPRegen 0.09/turn               (no ring)

@: no status effects
A: powered by death 1
a: no special abilities


You were on level 3 of the Dungeon.
You visited 1 branch of the dungeon, and saw 4 of its levels.

You collected 101 gold pieces.

Inventory:

Hand Weapons
 a - a +0 rapier (weapon)
 s - a +0 hunting sling
Missiles
 d - 3 throwing nets (quivered)
 f - 36 stones
 k - 2 atropa-tipped darts
Armour
 b - a +0 leather armour (worn)
 c - a +0 helmet (worn)
Jewellery
 p - a ring of see invisible
Scrolls
 h - a scroll of summoning {unknown}
 i - 2 scrolls of identify {unknown}
 m - 3 scrolls of fog {unknown}
 n - a scroll of teleportation {unknown}
 o - a scroll of fear {unknown}
 r - a scroll of enchant armour {unknown}
Potions
 e - a potion of attraction {unknown}
 g - 5 potions of curing {unknown}
 j - a potion of heal wounds {unknown}
 l - a potion of flight {unknown}
 q - a potion of experience {unknown}
 t - a potion of magic {unknown}


   Skills:
 + Level 3.4 Fighting
 - Level 3.0 Short Blades
 - Level 2.0 Throwing
 + Level 3.7 Dodging


You had 3 spell levels left.
You didn't know any spells.
Your spell library contained the following spells:

 Spells                   Type           Power      Damage    Failure   Level
 Summon Small Mammal      Summ           0%         N/A       43%         1
 Call Canine Familiar     Summ           0%         N/A       80%         3
 Stone Arrow              Conj/Erth      0%         3d7       80%         3
 Summon Guardian Golem    Hex/Summ       0%         N/A       80%         3
 Animate Armour           Summ/Erth      0%         N/A       99%         4
 Lehudib's Crystal Spear  Conj/Erth      0%         10d2      100%        8


Dungeon Overview and Level Annotations

Branches:
Dungeon (4/15)
 Temple: D:4-7

Altars:
Yredelemnul

Shops:
D:3 *


Innate Abilities, Weirdness & Mutations

You regenerate a little health from kills.


Message History

Found a spear.
The orc shouts!
An orc comes into view. It is wielding a +1 vampiric hand axe.
There are monsters nearby!
The orc shouts!
You hear a shout!
A centaur skeleton comes into view.
An orc priest comes into view. It is wielding a +0 short sword.
You hit the orc but do no damage. The orc hits you with a +0 flail!
You hit the orc.
The orc is heavily wounded.
The orc hits you with a +0 flail.
You hit the orc.
The orc is severely wounded.
You puncture the orc!
You kill the orc!
The orc misses you.
You hit the orc but do no damage.
The orc is heavily wounded.
The orc hits you with a +0 flail.
The orc priest casts a cantrip, but nothing happens.
The orc priest calls down the wrath of Beogh upon you.
Beogh smites you!
There is a stone staircase leading up here.
You are too injured to fight recklessly!
You can't go down here!
The orc hits you with a +0 flail.
* * * LOW HITPOINT WARNING * * *
You climb upwards.
There is a stone staircase leading down here.
You barely miss the orc.
The orc is lightly wounded.
The orc hits you with a +0 flail.
* * * LOW HITPOINT WARNING * * *
You hit the orc.
The orc is moderately wounded.
The orc misses you.
You hit the orc but do no damage.
The orc is moderately wounded.
The orc hits you with a +0 flail!
You die...

...###.<.###[..#####
#.# .<.......# ##.##
#######.# ...###...#
#.# #.......#
.........# #.#
#.#######
#.######.####.# #.#
#.............# #.#
########.###### #.#
#.############.#
#........@o....#
################


You could see an orc.

Vanquished Creatures
  A gnoll (D:1)
  3 adders (D:2)
  2 dart slugs
  3 orcs
  3 ball pythons
  5 endoplasms
  2 giant cockroaches
  2 goblins
  6 hobgoblins
  7 kobolds
  4 quokkas
  2 ball python zombies (D:3)
  4 bats
  4 frilled lizards
  6 rats
54 creatures vanquished.

Notes
Turn   | Place    | Note
-------+----------+-------------------------------------------
     0 | D:1      | Bliebski the Demonspawn Gladiator began the quest for the
                  | Orb.
     0 | D:1      | Reached XP level 1. HP: 16/16 MP: 1/1
   305 | D:1      | Gained mutation: You regenerate a little health from kills.
                  | [demonic ancestry]
   305 | D:1      | Reached XP level 2. HP: 19/22 MP: 2/2
   796 | D:1      | Reached XP level 3. HP: 28/28 MP: 3/3
  1307 | D:2      | Reached XP level 4. HP: 35/35 MP: 4/4
  1524 | D:2      | Found a faded altar of an unknown god.
  2313 | D:3      | Found Zeugink's General Store.
  2411 | D:3      | Found a basalt altar of Yredelemnul.
  2818 | D:3      | Slain by an orc

Illustrated notes

Levels and vault maps discovered:
D:1:      ncdulo_wetmaze, layout_rooms, minivault_14
D:2:      layout_loops_ring, dilly_ecumenical_altar_fadedgnrine,
          minmay_pentomino_x2
D:3:      layout_loops_ring, lemuel_zombie_altar_yredelemnul, serial_shops,
          nicolae_shop_trees
D:4:      layout_basic, minmay_temple_entry_butterflies, hangedman_decor_growths

Skill      XL: |  1  2  3 |
---------------+----------+-----
Throwing       | 2 |  2.0
Short Blades   | 3 |  3.0
Dodging        | 3 |  3.7
Fighting       | 3 |  3.4

Action                   |  1- 3 |  4- 6 || total
-------------------------+-------+-------++-------
Melee: Rapier            |   105 |    60 ||   165
       Punch             |     1 |     1 ||     2
Throw: Dart              |     5 |       ||     5
       Throwing net      |     2 |       ||     2
 Stab: Sleeping          |     1 |     2 ||     3
       Invisible         |     1 |       ||     1
Armor: Leather armour    |    32 |    12 ||    44
Dodge: Dodged            |    47 |    22 ||    69
